 Dungeon Crawl Stone Soup version 0.31-a0-692-gf03d1854d5 (webtiles) character file.

Game seed: 8828634287973728132

154 qw the Shooter (level 5, -2/32 HPs)
             Began as a Gargoyle Hunter on Sept 6, 2023.
             Slain by a wight
             ... wielding a +4 battleaxe
              (16 damage)
             ... on level 4 of the Dungeon.
             The game lasted 00:00:48 (2384 turns).

qw the Shooter (Gargoyle Hunter)                    Turns: 2384, Time: 00:00:49

Health: -2/32      AC:  8    Str: 14    XL:     5   Next: 36%
Magic:  5/5        EV: 11    Int: 10    God:
Gold:   135        SH:  0    Dex: 15    Spells: 4/4 levels left

rFire   . . .        Y - +0 shortbow
rCold   . . .        (shield currently unavailable)
rNeg    + . .        j - +1 leather armour of Qazlal's Grace {Regen+}
rPois   inf          (no helmet)
rElec   +            (no cloak)
rCorr   .            (no gloves)
SInv    .            (no boots)
Will    .....        (no amulet)
Stlth   ++           (no ring)
HPRegen 1.05/turn    (no ring)
MPRegen 0.09/turn

%: no passive effects
@: no status effects
A: sickness immunity, AC +4, negative energy resistance 1, electricity
resistance, torment resistance 1, petrification resistance
a: no special abilities


You were on level 4 of the Dungeon.
You visited 1 branch of the dungeon, and saw 4 of its levels.

You collected 179 gold pieces.
You spent 44 gold pieces at shops.


Innate Abilities, Weirdness & Mutations

You are immune to sickness and miasma.
Your stone body is resilient. (AC +4)
You are immune to poison.
You resist negative energy. (rN+)
You are resistant to electric shocks. (rElec)
You are resistant to unholy torment.
You are immune to petrification.


   Skills:
 + Level 3.1 Fighting
 - Level 6.1 Ranged Weapons
 - Level 1.5 Dodging
 - Level 1.1 Stealth


You had 4 spell levels left.
You didn't know any spells.
Your spell library was empty.

Inventory:

Hand Weapons
 Y - a +0 shortbow (weapon)
Armour
 j - the +1 leather armour of Qazlal's Grace (worn) {Regen+}
   (You found it on level 3 of the Dungeon)

   Regen+:    It increases your rate of health regeneration.
Scrolls
 b - a scroll of teleportation
Potions
 d - a potion of magic {unknown}
 e - a potion of attraction {unknown}
 f - a potion of degeneration {unknown}
 g - a potion of haste {unknown}
 i - a potion of heal wounds {unknown}
 k - a potion of might {unknown}

Dungeon Overview and Level Annotations

Branches:
Dungeon (4/15)
 Temple: D:4-7

Altars:
Wu Jian

Shops:
D:3 [


Message History

The arrow hits the hound but does no damage.
The hound is heavily wounded.
The hound bites you but does no damage.
You shoot an arrow. The arrow hits the hound.
The hound is almost dead.
The hound bites you but does no damage. The hound bites you.
You shoot an arrow. The arrow hits the hound!
You kill the hound!
Your Ranged Weapons skill increases to level 6!
You start resting.
HP restored.
You now have 119 gold pieces (gained 12).
Found a stone staircase leading down.
You now have 135 gold pieces (gained 16).
A wight comes into view. It is wielding a +4 battleaxe.
You shoot an arrow. The arrow barely misses the wight.
A wight comes into view. It is wielding a +0 great sword.
You shoot an arrow. The arrow hits the wight.
The wight is moderately damaged.
You shoot an arrow. The arrow barely misses the wight.
You shoot an arrow. The arrow hits the wight.
The wight is severely damaged.
You shoot an arrow. The arrow closely misses the wight.
The arrow hits the wight but does no damage.
You shoot an arrow. The arrow closely misses the wight.
The wight hits you with a +4 battleaxe.
You shoot an arrow. The arrow closely misses the wight.
The arrow hits the wight.
The wight is lightly damaged.
The wight closely misses you.
You shoot an arrow.
The arrow hits the wight but does no damage.
The wight is severely damaged.
The wight hits you with a +4 battleaxe! The wight barely misses you.
The wight hits you with a +0 great sword.
The wight hits you with a +4 battleaxe!
You shoot an arrow. The arrow closely misses the wight.
The wight hits you with a +4 battleaxe!
Ouch! That really hurt!
You die...

#..#.......#.##.
#..#.###........
....#.#..>.###.#.
####.#.#.#.##
.....#.#.#
#.........#
+.........# ##.##
#.........####.....#
#...........@z.....#
#.....#......z......
#.....#.............
#.....#........##...
.... #........# ..
#........# .
#.######## #.


You could see 2 wights.

Vanquished Creatures
  A hound (D:4)
  An orc wizard (D:4)
  4 adders
  A worm (D:2)
  A dart slug (D:2)
  An orc (D:4)
  10 ball pythons
  6 bats
  4 endoplasms
  6 goblins
  5 hobgoblins
  2 quokkas
  3 frilled lizards
  6 kobolds (D:1)
  7 rats
58 creatures vanquished.

Notes
Turn   | Place    | Note
-------+----------+-------------------------------------------
     0 | D:1      | qw the Gargoyle Hunter began the quest for the Orb.
     0 | D:1      | Reached XP level 1. HP: 12/12 MP: 1/1
     0 | D:1      | 0 ||| qw: Version: 0.3-a-76-g4403597
     0 | D:1      | 0 ||| qw: Game counter: 75
     0 | D:1      | 0 ||| qw: Melee chars always use a shield: true
     0 | D:1      | 0 ||| qw: God list: Okawaru
     0 | D:1      | 0 ||| qw: Allow faded altars: false
     0 | D:1      | 0 ||| qw: Do Orc after clearing Dungeon:15 true
     0 | D:1      | 0 ||| qw: Do second Lair branch before Depths: true
     0 | D:1      | 0 ||| qw: Lair rune preference: random
     0 | D:1      | 0 ||| qw: Goals: Normal
     0 | D:1      | 0 ||| PLANNING D:1-11
   139 | D:1      | Reached XP level 2. HP: 17/17 MP: 2/2
   457 | D:1      | Reached XP level 3. HP: 21/21 MP: 3/3
   817 | D:1      | Reached skill level 5 in Ranged Weapons
   924 | D:1      | 924 ||| READING scroll labelled CEOCIPSAOS.
   925 | D:1      | 925 ||| READING scroll labelled NEICOV TUOTICHESH.
   928 | D:1      | 928 ||| READING scroll labelled VIPTIJE ZOKH.
   929 | D:1      | 929 ||| READING scroll labelled ZIATHR UDWOBAK.
   930 | D:1      | 930 ||| READING scroll labelled MAFFEA GIEBRA.
   931 | D:1      | 931 ||| DROPPING scroll of butterflies.
  1020 | D:2      | Found an ornate altar of the Wu Jian Council.
  1076 | D:2      | Reached skill level 3 in Fighting
  1104 | D:2      | Reached XP level 4. HP: 28/28 MP: 4/4
  1391 | D:2      | 1391 ||| READING scroll labelled WAEDEABLYA.
  1392 | D:2      | 1392 ||| READING scroll labelled ISOMUBOV OSHEACIZ.
  1456 | D:3      | Found Aduhub's Armour Shoppe.
  1465 | D:3      | 1465 ||| BUYING +0 ring mail (44 gold).
  1465 | D:3      | Bought a +0 ring mail for 44 gold pieces
  1465 | D:3      | 1465 ||| SHOPLISTING +1 swamp dragon scales of Wotzith
                  | {rElec rPois} (759 gold, have 44).
  1667 | D:3      | Identified the +1 leather armour of Qazlal's Grace {Regen+}
  2158 | D:3      | 2158 ||| UPGRADING to +0 ring mail.
  2168 | D:3      | 2168 ||| DROPPING +0 leather armour.
  2169 | D:3      | 2169 ||| UPGRADING to +1 leather armour of Qazlal's Grace
                  | {Regen+}.
  2179 | D:3      | 2179 ||| DROPPING +0 ring mail.
  2180 | D:3      | 2180 ||| READING 2 scrolls labelled IMONUONW URAIRIA.
  2181 | D:3      | 2181 ||| DROPPING scroll of fog.
  2334 | D:4      | Reached XP level 5. HP: 26/32 MP: 5/5
  2356 | D:4      | Reached skill level 6 in Ranged Weapons
  2384 | D:4      | Slain by a wight

Levels and vault maps discovered:
D:1:      heliophobic_arrival_enchanted_forest, layout_basic, st_stairs_8
D:2:      layout_rooms, basic_altar, st_stairs_7
D:3:      layout_basic, serial_shops, shop
D:4:      layout_basic, nicolae_overflow_crystal_walls

Skill      XL: |  1  2  3  4  5 |
---------------+----------------+-----
Ranged Weapons | 5 6 |  6.1
Fighting       | 3 |  3.1
Dodging        | |  1.5
Stealth        | |  1.1

Action                     |  1- 3 |  4- 6 || total
---------------------------+-------+-------++-------
   Fire: Shortbow          |    98 |    81 ||   179
    Use: Scroll            |     5 |     3 ||     8
 Armour: Leather armour    |    21 |    28 ||    49
  Dodge: Dodged            |    33 |    11 ||    44

Table legend:
 A = Non-vault XP
 B = Vault XP
 C = Vault XP percentage of total XP
 D = Non-vault monster count
 E = Vault monster count
 F = Vault count percentage of total count
                 A         B        C        D         E       F
            +---------+---------+-------+---------+---------+-------
      Total |     217 |       4 |   1.8 |      55 |       3 |   5.2
            +---------+---------+-------+---------+---------+-------
        D:1 |      40 |       3 |   7.0 |      26 |       2 |   7.1
        D:2 |      70 |       1 |   1.4 |      18 |       1 |   5.3
        D:3 |      22 |       0 |   0.0 |       7 |       0 |   0.0
        D:4 |      85 |       0 |   0.0 |       4 |       0 |   0.0
            +---------+---------+-------+---------+---------+-------
